 Dungeon Crawl Stone Soup version 0.21.1-1-g345015fe64 (webtiles) character file.

301 Oravi the Slinger (level 6, -3/40 HPs)
             Began as a Halfling Hunter on Mar 23, 2018.
             Killed by divine providence
             ... invoked by an orc priest
              (9 damage)
             ... on level 4 of the Dungeon.
             The game lasted 00:29:12 (3528 turns).

Oravi the Slinger (Halfling Hunter)                 Turns: 3528, Time: 00:29:12

Health: -3/40      AC: 17    Str: 15    XL:     6   Next: 64%
Magic:  6/6        EV:  6    Int:  9    God:
Gold:   165        SH:  7    Dex: 15    Spells: 5/5 levels left

rFire    . . .     SeeInvis +   b - +2 dagger (protect)
rCold    . . .     Gourm    .   p - +0 shield
rNeg     . . .     Faith    .   m - +0 chain mail
rPois    .         Spirit   .   (no helmet)
rElec    .         Reflect  .   (no cloak)
rCorr    .         Harm     .   (no gloves)
MR       .....                  x - +1 pair of boots
Stlth    ..........             (no amulet)
HPRegen  0.13/turn              e - ring of see invisible
MPRegen  0.10/turn              l - ring of stealth

@: protection aura
A: small, mutation resistance 1
a: no special abilities


You were on level 4 of the Dungeon.
You were not hungry.

You visited 1 branch of the dungeon, and saw 4 of its levels.

You collected 165 gold pieces.

Inventory:

Hand Weapons
 a - a +1 hunting sling
 b - a +2 dagger of protection (weapon)
 n - a +0 short sword
Missiles
 d - 17 sling bullets
 h - 124 stones (quivered)
Armour
 c - a +0 leather armour
 m - a +0 chain mail (worn)
 p - a +0 shield (worn)
 v - a +0 scale mail
 x - a +1 pair of boots (worn)
Jewellery
 e - a ring of see invisible (left hand)
 l - a ring of stealth (right hand)
Wands
 y - a wand of disintegration (14)
Scrolls
 j - 2 scrolls of identify
 k - 2 scrolls of immolation
 t - a scroll of remove curse
Potions
 o - 2 potions of lignification
 q - a potion of might
 r - a potion of flight
 s - 2 potions of mutation
 u - a potion of ambrosia
Comestibles
 f - 4 rations


   Skills:
 + Level 2.3 Fighting
 * Level 2.9 Short Blades
 * Level 8.7 Slings
 + Level 2.3 Armour
 + Level 2.7 Dodging
 - Level 1.1 Stealth
 + Level 0.3 Shields


You had 5 spell levels left.
You didn't know any spells.

Dungeon Overview and Level Annotations

Branches:
Dungeon (4/15)
 Temple: D:4-7

Altars:
Cheibriados
Fedhas


Innate Abilities, Weirdness & Mutations

You are small and have problems with some larger weapons.
You are somewhat resistant to further mutation.


Message History

Aim: an orc priest (heavily wounded)
You shoot a sling bullet.
The sling bullet barely misses the orc priest.
Your +2 dagger of protection hums with potential!
b - a +2 dagger of protection (weapon)
The orc priest hits you but does no damage.
You are too injured to fight recklessly!
You hit the orc priest.
Your weapon exudes an aura of protection.
The orc priest is severely wounded.
You hit the orc priest.
The orc priest is almost dead.
The orc priest hits you.
The orc priest mumbles some strange prayers to Beogh against you.
Pain shoots through your body!
* * * LOW HITPOINT WARNING * * *
There is an escape hatch in the ceiling here.
The orc priest calls down the wrath of Beogh upon you.
Beogh smites you!
You die...

#o# #.# #o# #.#
#.######## #############
#.oo)o.o.# #.....).....#
########o###.#########.#
#######oo........# #.#
.......@....####.# #.#
############# #.# #.#
#.# #.## #..% #### # #


You could see an orc priest and 3 orcs.

Vanquished Creatures
  An ogre (D:4)
  A scorpion (D:4)
  Jessica (D:2)
  2 orc wizards (D:3)
  Robin (D:2)
  An adder (D:1)
  A worm (D:2)
  A leopard gecko (D:2)
  2 orcs
  2 ball pythons
  3 bats
  2 giant cockroaches
  10 goblins
  8 hobgoblins
  7 jackals
  6 kobolds
  2 frilled lizards
  4 rats
55 creatures vanquished.

Notes
Turn   | Place    | Note
-------+----------+-------------------------------------------
     0 | D:1      | Oravi the Halfling Hunter began the quest for the Orb.
     0 | D:1      | Reached XP level 1. HP: 14/14 MP: 1/1
    89 | D:1      | Reached skill level 6 in Slings
   261 | D:1      | Reached XP level 2. HP: 19/19 MP: 2/2
   970 | D:1      | Reached skill level 7 in Slings
   970 | D:1      | Reached XP level 3. HP: 12/24 MP: 3/3
  1328 | D:2      | Found a snail-covered altar of Cheibriados.
  1417 | D:2      | Noticed Robin
  1747 | D:1      | Reached XP level 4. HP: 20/29 MP: 4/4
  1877 | D:2      | Killed Robin
  1877 | D:2      | Reached skill level 1 in Short Blades
  1877 | D:2      | Reached skill level 1 in Armour
  2216 | D:2      | Noticed Jessica
  2223 | D:2      | Killed Jessica
  2459 | D:3      | Reached XP level 5. HP: 34/34 MP: 5/5
  2463 | D:3      | Found a blossoming altar of Fedhas.
  2619 | D:3      | Reached skill level 8 in Slings
  3261 | D:4      | Reached XP level 6. HP: 15/39 MP: 6/6
  3294 | D:4      | Noticed an ogre
  3309 | D:4      | Killed an ogre
  3528 | D:4      | Killed from afar by an orc priest

Skill      XL: |  1  2  3  4  5 |
---------------+----------------+-----
Slings         | 6 7 8 |  8.7
Short Blades   | 1 2 |  2.9
Armour         | 1 2 |  2.3
Fighting       | 2 |  2.3
Dodging        | |  2.7
Stealth        | |  1.1
Shields        | |  0.3

Action                   |  1- 3 |  4- 6 || total
-------------------------+-------+-------++-------
Melee: Short sword       |    79 |    60 ||   139
       Dagger            |       |    44 ||    44
 Fire: Hunting sling     |    37 |    67 ||   104
  Use: Scroll            |       |    10 ||    10
       Potion            |       |     6 ||     6
  Eat: Chunk             |     3 |     3 ||     6
       Ration            |       |     1 ||     1
Armor: Chain mail        |    71 |    44 ||   115
       Skin              |       |    57 ||    57
Dodge: Dodged            |    62 |    33 ||    95
Block: Shield            |       |    14 ||    14
